 Dungeon Crawl Stone Soup version 0.28.0 (webtiles) character file.

Game seed: 15745334574962255691

1534 Sanktem7 the Quickloader (level 8, -1/48 HPs)
             Began as a Gargoyle Wanderer on Feb 8, 2022.
             Slain by Maggie (6 damage)
             ... on level 7 of the Dungeon.
             The game lasted 00:21:34 (5573 turns).

Sanktem7 the Quickloader (Gargoyle Wanderer)        Turns: 5573, Time: 00:21:34

Health: -1/48      AC: 28    Str: 16    XL:     8   Next: 86%
Magic:  9/9        EV:  5    Int: 17    God:
Gold:   195        SH:  0    Dex:  9    Spells: 9/9 levels left

rFire   . . .      SeeInvis .   o - +4 quarterstaff (chaos)
rCold   . . .      Faith    .   (shield currently unavailable)
rNeg    + . .      Spirit   .   f - +10 plate armour "Erob" {Int+2}
rPois   ∞          Reflect  .   (no helmet)
rElec   +          Harm     .   g - +0 cloak
rCorr   +          Rampage  .   (no gloves)
Will    .....                   (no boots)
Stlth   ..........              (no amulet)
HPRegen 0.16/turn               t - ring of resist corrosion
MPRegen 0.11/turn               (no ring)

@: hasted, very quick
A: sickness immunity, AC +5, negative energy resistance 1, electricity
resistance, torment resistance 1, petrification resistance
a: no special abilities


You were on level 7 of the Dungeon.
You visited 1 branch of the dungeon, and saw 7 of its levels.

You collected 387 gold pieces.
You spent 192 gold pieces at shops.

Inventory:

Hand Weapons
 a - a +2 hand crossbow
 e - the +4 arbalest "Duddopt" {freeze, Str+3}
   (You acquired it on level 3 of the Dungeon)

   Any ammunition fired from it freezes those it strikes, dealing additional
   cold damage.
   It can also slow down cold-blooded creatures.
   Str:       It affects your strength (+3).
 l - a +2 dagger of freezing
 o - a +4 quarterstaff of chaos (weapon)
Missiles
 b - 40 bolts
Armour
 f - the +10 plate armour "Erob" (worn) {Int+2}
   (You acquired it on level 3 of the Dungeon)

   Int:       It affects your intelligence (+2).
 g - a +0 cloak (worn)
 m - a +2 kite shield of reflection
Jewellery
 t - a ring of resist corrosion (left hand)
Wands
 c - a wand of flame (16)
Scrolls
 k - 2 scrolls of torment {unknown}
 q - a scroll of enchant weapon {unknown}
 s - a scroll of holy word {unknown}
 u - a scroll of identify
 y - a scroll of vulnerability {unknown}
 z - a scroll of fear {unknown}
 A - a scroll of magic mapping
Potions
 h - a potion of berserk rage
 j - a potion of resistance {unknown}
 n - 4 potions of flight {unknown}
 p - a potion of magic {unknown}
 v - a potion of degeneration {unknown}
 w - a potion of attraction {unknown}
 x - a potion of ambrosia {unknown}


   Skills:
 * Level 4.7 Fighting
 + Level 1.6 Staves
 * Level 9.7 Crossbows
 + Level 3.1 Armour
 + Level 1.1 Dodging
 * Level 4.5 Stealth
 + Level 1.0 Spellcasting
 + Level 1.1 Conjurations


You had 9 spell levels left.
You didn't know any spells.
Your spell library contained the following spells:

 Spells                   Type           Power      Damage    Failure   Level
 Magic Dart               Conj           16%        1d3       100%        1
 Summon Small Mammal      Summ           0%         N/A       100%        1
 Call Imp                 Summ           0%         N/A       100%        2
 Searing Ray              Conj           8%         2d4       100%        2
 Static Discharge         Conj/Air       2%         N/A       100%        2
 Call Canine Familiar     Summ           0%         N/A       100%        3
 Mephitic Cloud           Conj/Pois/Air  2%         N/A       100%        3
 Summon Guardian Golem    Hex/Summ       0%         N/A       100%        3


Dungeon Overview and Level Annotations

Branches:
Dungeon (7/15)             Temple (0/1) D:5

Altars:
Hepliaklqana
Kikubaaqudgha
Qazlal
Yredelemnul

Shops:
D:4 !

Portals:
Abyss: D:4

Annotations:
D:4 2 transporters, horus123's ghost, amateur DECj
D:5 2 transporters, Menkaure
D:7 Harold; Joseph; Maggie


Innate Abilities, Weirdness & Mutations

You are immune to sickness and miasma.
Your stone body is resilient. (AC +5)
You are immune to poison.
You resist negative energy. (rN+)
You are resistant to electric shocks. (rElec)
You are resistant to unholy torment.
You are immune to petrification.


Message History

The kobold hits you but does no damage. The kobold brigand barely misses you.
Maggie hits you but does no damage.
The ice beast hits you but does no damage.
The bullfrog zombie barely misses you.
Joseph sighs, "Being a guard is usually so boring..."
The gnoll shaman hits you but does no damage.
The kobold completely misses you.
You barely miss Maggie.
Maggie is almost dead.
Your surroundings suddenly seem different.
Found 12 gold pieces.
You break out of your daze!
The orc wizard shouts!
You hear a shout!
You sock the orc wizard!
The orc wizard is almost dead.
The orc wizard hits you but does no damage.
You hit the orc wizard.
You kill the orc wizard!
Found 17 stones.
Maggie shouts!
The kobold brigand shouts!
You hear a croak.
You hit the gnoll.
The gnoll is poisoned.
The gnoll is heavily wounded.
The gnoll hits you but does no damage.
The gnoll shaman hits you but does no damage.
The gnoll hits you but does no damage.
Maggie gestures wildly while chanting.
Maggie attempts to bespell you! You resist with almost no effort.
The gnoll shaman hits you with a +0 flail.
* * * LOW HITPOINT WARNING * * *
You closely miss the gnoll.
The gnoll is almost dead.
The gnoll hits you but does no damage.
The gnoll shaman hits you but does no damage.
You kill the gnoll!
The gnoll shaman mumbles some strange prayers to its god against you.
You resist with some effort.
You feel yourself speed up.
The bullfrog snags a nearby centipede with its tongue.
Maggie hits you with a +0 scimitar.
You die...

#..##.. #.. #.. ..#
.# .. .... .. ##.
... .. ... ...###.
..# ....#.. ..#
#......##..##
#...(.......#
#......@....## .
..#...g@.....# ..#
.o.....K.....#
.....####.#F..##...
##..###..#..## ..
.#.........).# .
.......)....##
.......##....#
...............##


You could see Maggie (strong, drained), a kobold brigand, a bullfrog, a gnoll
shaman and an orc priest.

Vanquished Creatures
  Eustachio (D:6)
  A water moccasin (D:6)
  A black bear (D:6)
  A sky beast (D:5)
  A phantom (D:5)
  A bullfrog (D:7)
  3 scorpions
  A howler monkey (D:6)
  A centaur zombie (D:6)
  A jelly (D:4)
  4 hounds
  Crazy Yiuf (D:3)
  An orc priest (D:6)
  A bullfrog skeleton (D:4)
  Natasha (D:4)
  2 iguanas
  6 orc wizards
  A hound skeleton (D:4)
  5 gnolls
  10 adders
  A shadow imp (D:5)
  A white imp (D:6)
  3 adder skeletons (D:4)
  2 worms
  3 dart slugs
  9 orcs
  3 ball pythons
  5 endoplasms
  3 giant cockroaches (D:1)
  5 goblins
  5 hobgoblins
  7 kobolds
  4 quokkas
  3 bats
  2 frilled lizards (D:1)
  4 rats
104 creatures vanquished.

Vanquished Creatures (others)
  A gnoll (D:7)
  A plant (D:6)
  5 toadstools (D:2)
7 creatures vanquished.

Grand Total: 111 creatures vanquished

Notes
Turn   | Place    | Note
-------+----------+-------------------------------------------
     0 | D:1      | Sanktem7 the Gargoyle Wanderer began the quest for the Orb.
     0 | D:1      | Sanktem7 set off with the following items: a +2 hand
                  | crossbow, 26 bolts, a +0 scale mail; and the following
                  | spells available to memorise: Searing Ray, Static Discharge
     0 | D:1      | Reached XP level 1. HP: 12/12 MP: 2/2
   202 | D:1      | Reached XP level 2. HP: 16/16 MP: 3/3
   783 | D:1      | Reached XP level 3. HP: 20/20 MP: 4/4
  1531 | D:2      | Reached skill level 6 in Crossbows
  1676 | D:3      | Identified 2 scrolls of acquirement
  1677 | D:3      | Acquired the +10 plate armour "Erob" {Int+2}
  1678 | D:3      | Acquired the +4 arbalest "Duddopt" {freeze, Str+3}
  1699 | D:3      | Reached XP level 4. HP: 26/26 MP: 5/5
  1892 | D:3      | Found a faded altar of an unknown god.
  1925 | D:3      | Found a hazy altar of Hepliaklqana.
  2487 | D:3      | Found a runed translucent door.
  2488 | D:3      | Noticed Crazy Yiuf
  2494 | D:3      | Killed Crazy Yiuf
  2495 | D:3      | Reached skill level 1 in Stealth
  2495 | D:3      | Reached XP level 5. HP: 30/30 MP: 6/6
  2659 | D:4      | Reached skill level 7 in Crossbows
  2659 | D:4      | Reached XP level 6. HP: 36/36 MP: 7/7
  2662 | D:4      | Noticed horus123's ghost (amateur DECj)
  2666 | D:4      | Noticed a small abomination
  2723 | D:4      | Found a transporter.
  2724 | D:4      | Found a one-way gate to the infinite horrors of the Abyss.
  2746 | D:4      | Noticed Natasha
  2750 | D:4      | Killed Natasha
  3011 | D:4      | Found a transporter.
  3099 | D:4      | Found Bilyfahe's Distillery.
  3105 | D:4      | Bought a potion of curing for 36 gold pieces
  3105 | D:4      | Bought a potion of curing for 36 gold pieces
  3105 | D:4      | Bought a potion of haste for 120 gold pieces
  3335 | D:5      | Entered Level 5 of the Dungeon
  3340 | D:5      | Reached XP level 7. HP: 35/41 MP: 8/8
  3408 | D:5      | Reached skill level 8 in Crossbows
  3542 | D:5      | Noticed a wraith
  3545 | D:5      | Found an ancient bone altar of Kikubaaqudgha.
  3547 | D:5      | Found a transporter.
  3645 | D:5      | Noticed Menkaure
  3647 | D:5      | Found a basalt altar of Yredelemnul.
  3651 | D:5      | Found a transporter.
  3742 | D:5      | Found a staircase to the Ecumenical Temple.
  4375 | D:6      | Reached XP level 8. HP: 48/48 MP: 9/9
  4389 | D:6      | Found a stormy altar of Qazlal.
  4398 | D:6      | Noticed Eustachio
  4409 | D:6      | Killed Eustachio
  4410 | D:6      | Reached skill level 9 in Crossbows
  5293 | D:7      | Noticed Harold
  5308 | D:7      | Noticed Joseph
  5535 | D:7      | Noticed Maggie
  5547 | D:6      | Reached skill level 1 in Staves
  5573 | D:7      | Slain by Maggie

Illustrated notes

Levels and vault maps discovered:
D:1:      lightli_arrival_flooded_house, layout_loops_ring
D:2:      layout_basic, minmay_gold_behind_fungi, hex_intersection,
          minmay_crystal_room
D:3:      layout_loops_ring, worldfamousw_hep_ancestral_shrine,
          basic_ecumenical_altar, uniq_crazy_yiuf_cottage
D:4:      layout_basic, gammafunk_ghost_abyssal_escape, serial_shops,
          nicolae_shop_hallway_stairs, uniq_natasha
D:5:      layout_cave_pods, gammafunk_temple_of_torment,
          minmay_temple_entry_enclosed_plants, uniq_menkaure
D:6:      layout_basic, mainiacjoe_overflow_tiny_flanked, uniq_eustachio
D:7:      layout_cave_pools, uniq_joseph, uniq_harold, uniq_maggie

Skill      XL: |  1  2  3  4  5  6  7  8 |
---------------+-------------------------+-----
Crossbows      | 6 7 8 9 |  9.7
Fighting       | 2 3 4 |  4.7
Stealth        | 1 2 3 4 |  4.5
Armour         | 2 3 |  3.1
Staves         | 1 |  1.6
Dodging        | |  1.1
Spellcasting   | |  1.0
Conjurations   | |  1.1

Action                   |  1- 3 |  4- 6 |  7- 9 || total
-------------------------+-------+-------+-------++-------
Melee: Quarterstaff      |       |       |    79 ||    79
       Arbalest          |       |       |     3 ||     3
 Fire: Hand crossbow     |    95 |       |       ||    95
       Arbalest          |       |    75 |    59 ||   134
Evoke: Wand              |       |       |     1 ||     1
  Use: Scroll            |     6 |     3 |     3 ||    12
       Potion            |       |       |     5 ||     5
Armor: Scale mail        |    21 |       |       ||    21
       Plate armour      |       |    21 |   186 ||   207
Dodge: Dodged            |    17 |    11 |    41 ||    69
